Description

First of all this is my first attempt at writing a build order here at spawningtool.com so i have no idea if this will look clean.

Secondly, this build is straight copied from Harstems video about the PvT semi-allin done by PartinG. Even though it says all-in it is perfectly fine to expand behind this push or tech-up depending on how much value you get out of the push itself.

The aim of the build order To get a strong push at the enemy doorstep at around 5:07, if you can't win the game with the push you should atleast have done enough damage to put u ahead. Focus down the Marauders and Tanks first. Then Marines.

VOD

https://www.youtube.com/watch?v=PmSrYtYGqdw

Build Order

Get SALT Encoding   

  13  0:17  Pylon  
  16  0:35  Gateway Chrono Nexus  
  17  0:47  Assimilator  
  20  1:24  Cybernetics Core  
  20  1:35  Nexus  
  20  1:40  Pylon  
  21  1:49  Assimilator  
  21  1:57  Adept (Chrono Boost)  
  21  2:00  Warp Gate  
  25  2:17  Stalker (Chrono Boost)  
  28  2:32  Twilight Council  
  29  2:41  Stalker  
  34  2:59  Robotics Facility  
  37  3:19  Blink (Chrono Boost) (2nd chrono can go to blink/Warp Prism/Nexus.)  
  38  3:23  Gateway  
  38  3:25  Gateway  
  40  3:39  Gateway  
  40  3:45  Pylon  
  40  3:47  Observer  
  43  3:52  Stalker  
  46  4:01  Pylon  
  46  4:08  Warp Prism  
Spawning Tool Build Advisor. Get it on Overwolf

Analysis

After the initiall push, if you feel you can't win the game you can: Expand to a third Tech-up

You should be able to get enough damage done so that you are ahead economically, a good follow-up depending on the oponnent would be:

Is he going tanks? Build forge, get chargelots and archons!

Is he going bio? Get another gas, get 1 more robo and 1 robo bay. Get colossi out!

Go to:

Details

  • Created by: PurreB
  • Published on: Sep 03, 2020
  • Modified on: Sep 03, 2020
  • Patch: 4.11.0
  • Difficulty: Medium
Show
View Real Time Build Order
Export as new Build Order

Comments (1)

On Sept. 4, 2020, 11:06 a.m., StoicLoofah  said:

Looks clean to me! Thanks for sharing

Create an account to comment!